Map: Ruins of Endion

Players

Anusik - Winner!

  • Race: Terran Terran
  • League: Bronze

Gracz

  • Race: Terran Terran
  • League: Bronze

VOD

Have the link to the VOD?

Description

Time

  • Played on: May 5, 2016, 2:12 p.m.
  • Length: 17:32
Show
View Real Time Build Order
Export as new Build Order

Anusik Terran - Winner!

Build Orders:  

Get SALT Encoding   

  12  0:01  SCV  
  13  0:13  SCV  
  14  0:21  Supply Depot  
  14  0:26  SCV  
  15  0:43  SCV  
  15  0:48  Refinery  
  16  0:55  SCV  
  17  1:09  SCV  
  18  1:29  SCV  
  19  1:40  Command Center  
  19  1:41  SCV  
  19  1:42  Barracks  
  20  1:53  SCV  
  21  2:01  Supply Depot  
  21  2:07  SCV  
  22  2:19  SCV  
  23  2:31  Factory, Orbital Command  
  23  2:37  Marine  
  24  2:44  Bunker  
  24  2:52  Engineering Bay  
  24  2:54  Marine  
  24  2:55  Refinery  
  25  3:09  Orbital Command  
  25  3:12  Marine, SCV  
  26  3:16  Factory Tech Lab  
  27  3:26  SCV  
  28  3:35  Siege Tank  
  28  3:37  SCV  
  32  3:48  SCV  
  33  3:49  SCV  
  33  3:50  Marine  
  35  4:01  Command Center  
  35  4:13  SCV  
  35  4:14  Siege Tank, SCV  
  40  4:23  Missile Turret x2  
  40  4:27  SCV x2  
  40  4:28  Missile Turret  
  40  4:29  Missile Turret  
  42  4:37  Starport  
  42  4:45  SCV  
  42  4:46  SCV  
  44  4:57  Supply Depot  
  44  4:58  SCV  
  44  4:59  SCV  
  46  5:00  Supply Depot  
  46  5:04  Refinery  
  46  5:12  Siege Tank  
  49  5:17  SCV  
  49  5:18  SCV  
  51  5:29  Starport Reactor  
  51  5:30  Sensor Tower  
  51  5:31  Marine  
  51  5:32  SCV  
  51  5:33  SCV  
  54  5:37  Hi-Sec Auto Tracking  
  54  5:45  Armory, SCV  
  54  5:46  Orbital Command  
  55  5:51  Siege Tank  
  57  6:03  Missile Turret  
  57  6:06  Missile Turret  
  57  6:07  Missile Turret, SCV x2  
  59  6:19  SCV x2  
  59  6:24  SCV  
  59  6:25  Missile Turret  
  62  6:26  Missile Turret x3  
  62  6:29  Missile Turret x2  
  62  6:31  Viking  
  64  6:35  Viking  
  64  6:37  SCV  
  67  6:41  SCV  
  67  6:42  SCV  
  69  6:47  Liberator  
  69  6:51  SCV  
  69  6:53  SCV  
  72  6:54  SCV  
  72  6:55  Missile Turret  
  72  6:57  Refinery  
  72  7:00  Building Armor, Missile Turret  
  72  7:02  Missile Turret  
  72  7:03  SCV  
  76  7:12  Supply Depot, SCV  
  76  7:13  Supply Depot  
  77  7:16  Liberator  
  77  7:18  Refinery  
  77  7:28  Command Center  
  77  7:30  Liberator  
  77  7:34  SCV x3  
  83  7:39  Supply Depot  
  83  7:40  Supply Depot  
  83  7:43  Terran Ship Weapons Level 1  
  83  7:46  SCV x2  
  88  8:00  Thor  
  94  8:19  Liberator x2  
  100  9:06  Liberator  
  100  9:07  Liberator  
  106  9:32  Starport  
  106  9:33  Starport  
  106  9:34  Starport  
  106  9:36  Starport  
  106  9:44  Fusion Core  
  106  9:47  Missile Turret  
  106  9:50  Missile Turret  
  106  9:52  Missile Turret  
  106  9:55  Missile Turret  
  106  9:57  Orbital Command  
  106  9:58  Missile Turret  
  106  10:04  Refinery x2  
  106  10:07  Refinery  
  106  10:08  Missile Turret  
  106  10:23  Starport Tech Lab x3  
  106  10:24  Missile Turret x2  
  106  10:26  Missile Turret  
  106  10:27  Missile Turret  
  106  10:28  Terran Vehicle And Ship Armor Level 1  
  106  10:29  Missile Turret, Starport Tech Lab  
  106  10:31  Armory  
  106  10:42  SCV  
  107  10:43  SCV x3  
  110  10:51  Liberator x2  
  110  10:52  Cloaking Field, Supply Depot  
  110  10:53  Hyperflight Rotors, Advanced Ballistics  
  110  10:54  SCV  
  110  10:55  SCV x3  
  110  10:56  Supply Depot  
  120  11:14  Battlecruiser  
  126  11:30  Sensor Tower  
  126  11:40  Sensor Tower  
  126  11:42  Battlecruiser  
  126  11:44  Behemoth Reactor  
  132  11:50  Liberator  
  132  11:51  Liberator  
  132  11:55  Terran Ship Weapons Level 2  
  132  11:58  Sensor Tower  
  138  12:19  Supply Depot  
  138  12:21  Supply Depot  
  138  12:22  Supply Depot  
  138  12:24  Supply Depot  
  138  12:27  Missile Turret  
  138  12:29  Missile Turret x2  
  137  13:03  Battlecruiser  
  137  13:04  Battlecruiser x3  
  161  13:12  Liberator  
  161  13:15  Liberator  
  161  13:20  Terran Vehicle And Ship Armor Level 2  
  161  13:22  Weapon Refit  
  166  13:48  Command Center  
  166  13:53  Command Center  
  166  13:54  Liberator  
  166  13:57  Missile Turret  
  166  13:58  Liberator  
  166  14:00  Missile Turret  
  166  14:11  Terran Ship Weapons Level 3  
  172  14:19  Missile Turret  
  172  14:21  Missile Turret  
  172  14:22  Supply Depot  
  172  14:23  Supply Depot  
  172  14:43  Battlecruiser  
  172  14:45  Battlecruiser  
  175  17:02  Refinery  
  175  17:03  Refinery  
  175  17:07  Missile Turret  
  175  17:10  Missile Turret x3  
Show
View Real Time Build Order
Export as new Build Order

Gracz Terran 

Build Orders:  

Get SALT Encoding   

  12  0:11  SCV  
  13  0:18  Supply Depot  
  13  0:29  SCV  
  14  0:44  Barracks  
  14  1:00  SCV  
  15  1:06  Refinery  
  15  1:32  SCV  
  16  1:39  Refinery  
  16  1:44  SCV  
  17  1:56  SCV  
  17  1:58  Marine  
  19  2:12  Supply Depot  
  19  2:40  Factory  
  19  2:44  Orbital Command  
  19  3:16  SCV  
  20  3:28  SCV  
  21  3:40  SCV  
  22  3:50  Factory Tech Lab  
  22  3:53  SCV  
  22  3:55  Starport  
  23  4:00  Starport  
  23  4:11  Barracks Tech Lab  
  23  5:08  Cloaking Field  
  23  5:10  Banshee x2  
  29  5:53  Banshee x2  
  35  6:36  Banshee x2  
  41  6:52  Barracks Reactor  
  41  6:54  Factory Tech Lab  
  41  7:31  Reaper x2  
  34  8:03  Reaper x2  
  27  8:32  Banshee x2  
  33  8:35  Marine x2  
  35  8:48  Command Center  
  35  8:52  Marine  
  35  8:53  Marine  
  37  8:58  Starport  
  37  9:10  Marine, Starport  
  37  9:11  Marine  
  37  9:14  Banshee  
  37  9:15  Banshee  
  45  9:52  Starport Tech Lab x2  
  45  9:59  Banshee x2  
  51  10:05  Supply Depot  
  51  10:10  Supply Depot  
  51  10:26  Refinery  
  51  10:34  Supply Depot  
  51  10:37  Supply Depot  
  51  10:42  Banshee x2  
  57  10:47  Orbital Command  
  57  11:00  Stimpack  
  57  11:01  Marauder  
  59  11:22  Marauder  
  61  11:31  Medivac x3  
  61  11:32  Medivac  
  69  11:43  Barracks  
  69  11:44  Marauder  
  71  11:47  Barracks  
  71  12:01  Medivac x2  
  75  12:56  Barracks Reactor  
  75  13:27  Fusion Core  
  75  13:53  SCV  
  76  13:56  High Capacity Fuel Tanks, Command Center  
  76  13:57  Explosive Shrapnel Shells  
  76  13:58  Corvid Reactor  
  76  14:04  Viking  
  76  14:05  Viking x3, SCV  
  85  14:22  Supply Depot x2  
  85  14:30  Supply Depot  
  85  14:31  Supply Depot  
  85  14:33  Supply Depot  
  85  14:34  Viking  
  85  14:35  Viking  
  89  14:43  Marauder  
  89  14:44  Supply Depot  
  89  14:45  Marine x4  
  76  15:02  Marine  
  76  15:03  Marine x3  
  76  15:04  Marauder  
  38  15:20  Marine  
  38  15:21  Marine  
  21  15:26  Marauder  
  5  15:42  Ghost Academy  
  1  16:18  Barracks, SCV  
  2  16:27  Nuke  
  2  16:35  SCV  
  2  16:36  Refinery  
  3  17:01  Supply Depot  
  3  17:03  SCV  
  4  17:12  Barracks Tech Lab  
Tags
 
Add a new tag
Caveats
  • Supply blocks, unpowered buildings, or Contaminate may cause inaccurate times.
  • Supply counts are checked every 10 seconds.